AoeStats
← fdsalamanca

Arabia

509678322Analyzed
1v1 RM · 3d ago on Sep 27, 2026· 50m 31s· 2 players
Game mode
Random Map
Map size
Tiny (2 player)
Population
200
Speed
Normal
Resources
Standard
Victory
Conquest
Starting age
Dark Age
Ending age
Imperial Age
RankedLock teamsTeams togetherTeam positionsShared explorationLock speedFull tech treeHidden civsTurbo modeCheats
Victory
Defeat
🇦🇷 Teutons · Argentina
1154
+15
🇨🇱 Mongols · Chile
1125
-15
fdsalamanca
5:44 Loom
8:30 Feudal Age
9:32 Double-Bit Axe
10:18 Horse Collar
16:20 Wheelbarrow
20:39 Castle Age
19:15 Gold Mining
21:09 Fletching
21:24 Padded Archer Armor
21:40 Husbandry
22:20 Gold Shaft Mining
22:13 Bow Saw
22:06 Heavy Plow
22:40 Bloodlines
23:29 Hand Cart
22:49 Light Cavalry
27:51 Stone Mining
28:37 Thumb Ring
28:49 Scale Barding Armor
32:03 Chain Barding Armor
31:54 Forging
33:01 Town Watch
35:22 Iron Casting
34:42 Bodkin Arrow
35:04 Leather Archer Armor
36:20 Stone Shaft Mining
40:15 Imperial Age
42:29 Ballistics
43:20 Town Patrol
45:15 Blast Furnace
44:15 Bracer
44:41 Onager
47:10 Chemistry
49:34 Parthian Tactics
48:40 Heavy Camel Rider
49:39 Heavy Cavalry Archer
javi_fortinero_06
6:52 Loom
9:52 Feudal Age
10:32 Double-Bit Axe
19:41 Castle Age
17:47 Horse Collar
19:17 Bloodlines
19:03 Gold Mining
20:59 Elite Skirmisher
21:42 Padded Archer Armor
22:08 Scale Barding Armor
23:29 Ballistics
23:31 Fletching
25:59 Bodkin Arrow
28:15 Wheelbarrow
27:29 Town Watch
29:36 Leather Archer Armor
29:58 Bow Saw
29:51 Heavy Plow
31:08 Forging
30:27 Pikeman
36:36 Imperial Age
35:02 Iron Casting
36:49 Cavalier
42:33 Conscription
43:27 Blast Furnace
44:27 Ring Archer Armor
44:19 Chain Barding Armor
45:31 Chemistry
44:18 Halberdier
Connection lost

Rejoining the realm…

Still unreachable

The connection could not be restored.

Session expired

The server has moved on; the page needs a fresh start.